 Dungeon Crawl Stone Soup version 0.29-a0-222-g5b244fca1f (webtiles) character file.

Game seed: 2647583587644281577

23 n8rtot the Gusty (level 2, -4/20 HPs)
             Began as a Demigod Air Elementalist on Feb 28, 2022.
             Slain by a gnoll
             ... wielding a +0 whip
              (7 damage)
             ... on level 1 of the Dungeon.
             The game lasted 00:05:57 (686 turns).

n8rtot the Gusty (Demigod Air Elementalist)          Turns: 686, Time: 00:05:59

Health: -4/20      AC:  2    Str:  9    XL:     2   Next: 57%
Magic:  3/7        EV: 12    Int: 17    God:
Gold:   25         SH:  0    Dex: 14    Spells: 4/5 levels left

rFire   . . .      SeeInvis .   g - +0 hand axe
rCold   . . .      Faith    .   (no shield)
rNeg    . . .      Spirit   .   a - +0 robe
rPois   .          Reflect  .   (no helmet)
rElec   .          Harm     .   (no cloak)
rCorr   .          Rampage  .   (no gloves)
Will    .....                   (no boots)
Stlth   ++........              (no amulet)
HPRegen 0.06/turn               (no ring)
MPRegen 0.10/turn               (no ring)

@: no status effects
A: high MP 1, forlorn, divine attributes
a: no special abilities


You were on level 1 of the Dungeon.
You visited 1 branch of the dungeon, and saw 1 of its levels.

You collected 25 gold pieces.

Inventory:

Hand Weapons
 e - a +0 hunting sling
 g - a +0 hand axe (weapon)
 k - a +0 hunting sling
Armour
 a - a +0 robe (worn)
 f - a +0 chain mail
Scrolls
 d - a scroll of teleportation {unknown}
 j - a scroll of brand weapon {unknown}
Potions
 b - 2 potions of invisibility {unknown}
 c - a potion of degeneration {unknown}
 h - a potion of flight {unknown}
 i - a potion of ambrosia {unknown}


   Skills:
 + Level 0.1 Axes
 + Level 1.8 Dodging
 + Level 2.0 Stealth
 + Level 2.0 Spellcasting
 + Level 1.2 Conjurations
 + Level 3.1 Air Magic


You had 4 spell levels left.
You knew the following spells:

 Your Spells              Type           Power      Damage    Failure   Level
a - Shock                 Conj/Air       36%        1d5       8%          1

Your spell library contained the following spells:

 Spells                   Type           Power      Damage    Failure   Level
 Static Discharge         Conj/Air       9%         N/A       12%         2
 Swiftness                Air            12%        N/A       16%         3
 Airstrike                Air            6%         N/A       45%         4


Dungeon Overview and Level Annotations

Branches:
Dungeon (1/15)


Innate Abilities, Weirdness & Mutations

You have an increased reservoir of magic. (+10% MP)
You shall have no god before yourself.
Your divine heritage dramatically boosts your attributes as you level up.


Message History

You hit the hobgoblin.
The hobgoblin is severely wounded.
You miss the bat. The bat hits you but does no damage. x2
The hobgoblin completely misses you.
You hit the hobgoblin.
You kill the hobgoblin!
You hit the bat but do no damage. The bat misses you.
You miss the bat.
The bat is severely wounded.
You hit the gnoll. The bat hits you. The gnoll hits you with a +0 whip.
The gnoll completely misses you.
Casting: Shock (safe; 8% risk of failure)
Confirm with . or Enter, or press ? or * to list all spells.
Aiming: Shock (safe; 8% risk of failure)
Press: ? - help, Shift-Dir - straight line, f/p - bat
Aim: a bat (severely wounded, 52% to hit)
The zap misses the bat.
The bat completely misses you. The gnoll hits you but does no damage.
You hit the gnoll.
The gnoll is heavily wounded.
The bat barely misses you. The gnoll barely misses you.
You hit the bat but do no damage.
The bat is severely wounded.
You hit the gnoll but do no damage. The bat closely misses you.
The gnoll closely misses you.
You barely miss the bat.
The bat is severely wounded.
You hit the gnoll. The bat closely misses you.
The gnoll hits you with a +0 whip!
* * * LOW HITPOINT WARNING * * *
The bat misses you.
Casting: Shock (safe; 8% risk of failure)
Confirm with . or Enter, or press ? or * to list all spells.
Aiming: Shock (safe; 8% risk of failure)
Press: ? - help, Shift-Dir - straight line, f - gnoll, p - bat
Aim: a gnoll, wielding a +0 whip (severely wounded, 72% to hit)
The zap hits the gnoll.
The gnoll is almost dead.
The bat hits you but does no damage. The gnoll hits you with a +0 whip!
You die...

........
#.....
.............
.....
.$...........
..# ....
...........
..# ....
......... ..#
.....
###.....#
..##.....
#.......####..
.........
#....g........
.........
+..?..@.......
.........
#....###b.....
..##....
#.......#####.
#.# ...
#....##.# #.#
. #....##.#
#.# #.......#
#.# #.....###
#.######
###'#.#
#......# #.#.#


You could see a gnoll and a bat.

Vanquished Creatures
  6 ball pythons (D:1)
  2 endoplasms (D:1)
  A giant cockroach (D:1)
  2 goblins (D:1)
  A hobgoblin (D:1)
  A quokka (D:1)
  3 bats (D:1)
  2 frilled lizards (D:1)
  2 kobolds (D:1)
  A rat (D:1)
21 creatures vanquished.

Notes
Turn   | Place    | Note
-------+----------+-------------------------------------------
     0 | D:1      | n8rtot the Demigod Air Elementalist began the quest for the
                  | Orb.
     0 | D:1      | Reached XP level 1. HP: 14/14 MP: 5/5
   223 | D:1      | Reached skill level 1 in Conjurations
   314 | D:1      | Reached XP level 2. HP: 19/20 MP: 0/7
   386 | D:1      | Reached skill level 3 in Air Magic
   686 | D:1      | Slain by a gnoll

Illustrated notes

Levels and vault maps discovered:
D:1:      amcnicky_arrival_flooded_fountain, layout_basic

Skill      XL: |  1  2 |
---------------+-------+-----
Conjurations   | 1 |  1.2
Air Magic      | 3 |  3.1
Stealth        | 2 |  2.0
Spellcasting   | 2 |  2.0
Axes           | |  0.1
Dodging        | |  1.8

Action                   || total
-------------------------++-------
Melee: Hand axe          ||    15
 Cast: Shock             ||    35
Armor: Robe              ||     8
Dodge: Dodged            ||    20

Table legend: (Time is in decaauts)
 A = Elapsed time spent in this place.
 B = Non-inter-level travel time spent in this place.
 C = Inter-level travel time spent in this place.
 D = Time resting spent in this place.
 E = Time spent auto-exploring this place.
 F = Levels seen in this place.
 G = Mean time per level.
                   A        B        C        D        E       F      G
               +--------+--------+--------+--------+--------+-----+--------+
         Total |    689 |    689 |      0 |     84 |     75 |   1 |  689.0 |
       Dungeon |    689 |    689 |      0 |     84 |     75 |   1 |  689.0 |
               +--------+--------+--------+--------+--------+-----+--------+

Top non-repeatable levels by time:
     D:1: 689 daAuts
